Workbook

Sheet RESUMO
B2: LIMPEZA - Regime de Tributação: LUCRO REAL
B3: ANEXO II ---- do Pregão nº XX/2024 MODELO DE PLANILHA DE CUSTOS E FORMAÇÃO DE PREÇOS
B4: Nº do processo: | I4: XXXXXXXXXX
B5: Licitação nº: | I5: XXXXXXXXXX
B6: Dia: | I6: XXXXXXXXXX
B7: DISCRIMINAÇÃO DOS SERVIÇOS (DADOS REFERENTES À CONTRATAÇÃO)
B8: A | C8: Data de apresentação da proposta (dia/mês/ano) | I8: XXXXXXXXXX
B9: B | C9: Município/UF | I9: Santana do Livramento/RS
B10: C | C10: Ano do Acordo, Convenção ou Dissídio Coletivo | I10: RS004917/2023 SIND. DAS EMPR. DE ASSEIO E CONSERVAÇÃOO DO EST . DO RGS,
B11: D | C11: Número de meses de execução contratual | I11: 60
B13: Tipo de Serviço: Limpeza e Conservação Predial Para o Câmpus Santana do Livramento do IFSUL
B14: Grupo 1 | C14: Item 1 | D14: Limpeza e Conservação Predial para o Câmpus Santana do Livramento IFSUL (Insalubridade 20%) | J14: =ROUND('Servente 20%'!J253,2) -> 24444.39
C15: Item 2 | D15: Limpeza e Conservação Predial para o Câmpus Santana do Livramento IFSUL (Insalubridade 40%) | J15: =ROUND('Servente 40%'!J249,2) -> 12889.64
B16: Valor mensal do serviço | J16: =J14+J15 -> 37334.03
B18: Número de meses do contrato | J18: 60
B20: Valor global da proposta (valor mensal do serviço x nº de meses do contrato) | J20: =J16*J18 -> 2240041.8
B22: Valor Total Mensal do Contrato | J22: =J16 -> 37334.03
B23: Valor Total Anual do Contrato | J23: =J20 -> 2240041.8

Sheet Servente 20%
B1: LIMPEZA - Regime de Tributação: LUCRO REAL
B2: ANEXO II ---- do Pregão nº XX/2024 PLANILHA DE CUSTOS E FORMAÇÃO DE PREÇOS
B3: Nº do processo: | I3: XXXXXXXXXXXXX
B4: Licitação nº: | I4: XXXXXXXXXXXXX
B5: Dia: | I5: XXXXXXXXXXXXX
B6: DISCRIMINAÇÃO DOS SERVIÇOS (DADOS REFERENTES À CONTRATAÇÃO)
B7: A | C7: Data de apresentação da proposta (dia/mês/ano) | I7: XXXXXXXXXXXXX
B8: B | C8: Município/UF | I8: Santana do Livramento/RS
B9: C | C9: Ano do Acordo, Convenção ou Dissídio Coletivo | I9: RS004917/2023 SIND. DAS EMPR. DE ASSEIO E CONSERVAÇÃOO DO EST . DO RGS,
B10: D | C10: Número de meses de execução contratual | I10: 60
B11: IDENTIFICAÇÃO DO SERVIÇO
B12: Tipo de Serviço: Limpeza e Conservação Predial para o Câmpus Santana do Livramento IFSUL (Insalubridade 20%) | H12: Unidade de Medida | J12: Quantidade total a contratar (Em função da unidade de medida)
B13: a) Áreas internas - Pisos acarpetados | H13: m2 | J13: 0
B14: b) Áreas internas - Pisos frios | H14: m2 | J14: 3333.75
B15: c) Áreas internas - Laboratórios | H15: m2 | J15: 0
B16: d) Áreas internas - Almoxarifados/galpões | H16: m2 | J16: 17.15
B17: e) Áreas internas - Oficinas | H17: m2 | J17: 12.14
B18: f) Áreas internas - Áreas com espaços livres - saguão, hall e salão | H18: m2 | J18: 1322.67
B19: g) Banheiros | H19: m2 | J19: 0
B20: TOTAL DA ÁREA INTERNA | J20: =ROUND(J13+J14+J15+J16+J17+J18+J19,2) -> 4685.71
B22: a) Áreas externas - Pisos pavimentados adjacentes/contíguos às edificações | I22: m2 | K22: 208.03192
B23: b) Áreas externas - Varrição de passeios e arruamentos | I23: m2 | K23: 22.813012
B24: c) Áreas externas - Pátios com áreas verdes com alta frequência | I24: m2 | K24: 0
B25: d) Áreas externas - Pátios com áreas verdes com média frequência | I25: m2 | K25: 0
B26: e) Áreas externas - Pátios com áreas verdes com baixa frequência | I26: m2 | K26: 0
B27: f) Áreas externas - Coleta de detritos em pátios e áreas verdes com frequência diária | I27: m2 | K27: 0
B28: TOTAL DA ÁREA EXTERNA | K28: =ROUND(K22+K23+K24+K25+K26+K27,2) -> 230.84
B30: a) Esquadrias externas - Face externa com exposição a situação de risco | I30: m2 | K30: 0
B31: b) Esquadrias externas - Face externa sem exposição a situação de risco | I31: m2 | K31: 0
B32: c) Esquadrias - Face interna | I32: m2 | K32: 1783.74
B33: TOTAL DA ÁREA DA ESQUADRIA EXTERNA - FACE INTERNA/EXTERNA | K33: =ROUND(K30+K31+K32,2) -> 1783.74
B35: a) Fachada envidraçada | I35: m2 | K35: 184.05
B36: TOTAL DA ÁREA DA FACHADA ENVIDRAÇADA | K36: =K35 -> 184.05
B38: a) Áreas hospitalares e assemelhadas | I38: m2 | K38: 0
B39: TOTAL DAS ÁREAS HOSPITALARES | K39: 0
B41: a) Outras áreas (especificar) | I41: m2 | K41: 0
B42: TOTAL DAS OUTRAS ÁREAS (ESPECIFICAR) | K42: 0
B44: TOTAL GERAL | K44: =ROUND(J20+K28+K33+K36+K39,2) -> 6884.34
B46: 1. MÓDULOS Mão de obra Mão de obra vinculada à execução contratual
B48: Dados para composição dos custos referente à mão de obra
B49: 1 | C49: Tipo de Serviço (mesmo serviço com características distintas) | I49: Limpeza e conservação
B50: 2 | C50: Classificação Brasileira de Ocupações (CBO) | I50: 5143
B51: 3 | C51: Salário Normativo da Categoria Profissional - para a jornada de 44 h/sem | I51: 1540.51
B52: 4 | C52: Categoria Profissional (vinculada à execução contratual) | I52: Servente de limpeza
B53: 5 | C53: Data-Base da Categoria (dia/mês/ano) | I53: 1º de Fevereiro de 2024
B55: Módulo 1: Composição da Remuneração
B56: 1 | C56: Composição da Remuneração | I56: Percentual (R$) | K56: Valor (R$)
B57: A | C57: Salário-Base (valor para somente 1 servente de limpeza) | K57: =I51 -> 1540.51
B58: B | C58: Adicional de Insalubridade (20% do SB - cláusula 17, “b” da CCT/2024 | J58: 0.2 | K58: =ROUND(J58*K57,2) -> 308.1
B59: Total | K59: =SUM(K57:K58) -> 1848.61
B61: Módulo 2 – Encargos e Benefícios Anuais, Mensais e Diários
B62: Submódulo 2.1 – 13º (décimo terceiro) Salário e Adicional de Férias
B63: 2.1 | C63: 13º (décimo terceiro) Salário e Adicional de Férias | K63: Valor (R$)
B64: A | C64: 13º (décimo terceiro) Salário Obrigatória a cotação de 8,33% sobre o valor do Módulo 1 – Composição da Remuneração, conforme Anexo XII da IN 5/17 | J64: 0.0833 | K64: =$K$59*J64 -> 153.98921
B65: B | C65: (Férias e) Adicional de Férias Obrigatória a cotação de 3,025% sobre o valor do Módulo 1 – Composição da Remuneração, conforme Anexo XII da IN 5/17 (Férias + Adicional = 9,075% + 3,025% = 12,10%) | J65: 0.03025 | K65: =$K$59*J65 -> 55.920453
B66: Total | K66: =SUM(K64+K65) -> 209.90967
B67: C | C67: Incidência dos encargos do Submódulo 2.2 sobre o total do Submódulo 2.1 | K67: =J80*K66 -> 77.246757
B68: Total | K68: =K66+K67 -> 287.15642
B70: Submódulo 2.2 - Encargos Previdenciários (GPS), Fundo de Garantia por Tempo de Serviço (FGTS) e outras contribuições
B71: 2.2 | C71: GPS, FGTS e outras contribuições | J71: Percentual (%) | K71: Valor (R$)
B72: A | C72: INSS | J72: 0.2 | K72: =$K$59*J72 -> 369.722
B73: B | C73: Salário Educação | J73: 0.025 | K73: =$K$59*J73 -> 46.21525
B74: C | C74: RAT x FAP | F74: RAT = | G74: 0.03 | H74: FAP = | I74: 1 | J74: =ROUND((G74*I74),6) -> 0.03 | K74: =$K$59*J74 -> 55.4583
B75: D | C75: SESC ou SESI | J75: 0.015 | K75: =$K$59*J75 -> 27.72915
B76: E | C76: SENAC ou SENAI | J76: 0.01 | K76: =$K$59*J76 -> 18.4861
B77: F | C77: SEBRAE | J77: 0.006 | K77: =$K$59*J77 -> 11.09166
B78: G | C78: INCRA | J78: 0.002 | K78: =$K$59*J78 -> 3.69722
B79: H | C79: FGTS | J79: 0.08 | K79: =$K$59*J79 -> 147.8888
B80: Total | J80: =SUM(J72:J79) -> 0.368 | K80: =SUM(K72:K79) -> 680.28848
B82: Submódulo 2.3 – Benefícios Mensais e Diários
B83: 2.3 | C83: Benefícios Mensais e Diários | K83: Valor (R$)
B84: A | C84: Transporte Cálculo do valor: [(2xVTx22) – (6%xSB)] | K84: =IF(ROUND((J87*J85*J86)-(K57*0.06),2)<0,0,ROUND((J87*J85*J86)-(K57*0.06),2))*1+(J85*J86*21.726-0.06*K57)*0 -> 94.57
C85: A.1) Valor da passagem do transporte coletivo no município de prestação dos serviços: - Decreto Municipal 10.842 de Dezemrbo de 2023 | J85: 4.25 | K85: -
C86: A.2) Quantidade de passagens por dia por empregado: | J86: 2
C87: A.3) Quantidade de dias do mês de recebimento de passagens | J87: 22
B88: B | C88: Auxílio-Refeição/Alimentação Cálculo do valor = [(22xVA)x(1-0,19)] | K88: =ROUND(J90*J89*(1-0.19),2)*1+ROUND(21.726*6*(1-0.19),2)*0 -> 421.98
C89: B.1) Valor do auxílio-alimentação (clausula 18 da CCT 2024): | J89: 23.68 | K89: -
C90: B.2) Quantidade de dias do mês de recebimento de auxílio-alimentação | J90: 22
B91: C | C91: Plano de Benefício Social Familiar (cláusula 29 da CCT 2023) | K91: 19.42
B92: D | C92: Outros (especificar)
B93: Total | K93: =SUM(K84:K92) -> 535.97
B95: Quadro-Resumo do Módulo 2 – Encargos e Benefícios Anuais, Mensais e Diários
B96: 2 | C96: Encargos e Benefícios Anuais, Mensais e Diários | K96: Valor (R$)
B97: 2.1 | D97: 13º (décimo terceiro) Salário e Adicional de Férias | K97: =K68 -> 287.15642
B98: 2.2 | D98: GPS, FGTS e outras contribuições | K98: =K80 -> 680.28848
B99: 2.3 | D99: Benefícios Mensais e Diários | K99: =K93 -> 535.97
B100: Total | K100: =SUM(K97+K98+K99) -> 1503.4149
B102: Módulo 3 - Provisão para Rescisão
B103: 3 | C103: Provisão para Rescisão | K103: Valor (R$)
B104: A | C104: Aviso Prévio Indenizado Cálculo do valor = {Rem/60 + 13º/60 + Férias/60+ (1/3xFérias)/60} x (45/30=1,5) x 5% de rotatividade anual - Os reflexos de 13º, F e 1/3F são referentes a 1 mês de APInd – Considerando a vigência do contrato, foi considerado 45 dias de aviso prévio indenizado conforme Lei nº 12.506/2011. Na prorrogação, tal item deverá ser revisto, dependendo da análise do nº de ocorrências deste evento no período | K104: =(($K$59/I10)+($K$64/I10)+($K$59/12/I10)+($K$65/I10))*(45/30)*0.05 -> 2.7657131
B105: B | C105: Incidência do FGTS sobre o Aviso Prévio Indenizado | K105: =$K$104*J79 -> 0.22125705
B106: D | C106: Aviso Prévio Trabalhado (negociar extinção/redução na 1ª prorrogação) Cálculo do valor= [(Rem/30)x7]/60 meses do contratox90% dos empregados - ao final do contrato | K106: =((($K$59/30)*7)/$I$10)*0.9 -> 6.470135
B107: E | C107: Incidência dos encargos do Submódulo 2.2 sobre o Aviso Prévio Trabalhado | K107: =$J$80*K106 -> 2.3810097
B108: F | C108: Multa do FGTS sobre o Aviso Prévio Trabalhado e sobre o Aviso Prévio IndenizadoObrigatória a cotação de 4% sobre o valor do Módulo 1 – Composição da Remuneração, conforme Anexo XII da IN Seges nº 5/2017 | J108: 0.04 | K108: =$K$59*J108 -> 73.9444
B109: Total | K109: =SUM(K104:K108) -> 85.782515
B111: Módulo 4 - Custo de Reposição do Profissional Ausente
B112: Base de cálculo para o Custo de Reposição do Profissional Ausente (substituto): BCCPA = Rem + 13º + Férias + 1/3Férias | K112: =K115+K59+K64+K65 -> 2226.281
B114: 4.1 | C114: Ausências Legais | K114: Valor (R$)
B115: A | C115: Férias | J115: 0.09075 | K115: =($K$59*J115) -> 167.76136
B116: B | C116: Ausências Legais Cálculo do valor = [(BCCPA/30)x2,96dias]/60 | K116: =(($K$112/30)*2.96)/I10 -> 3.6609955
...

Sheet Servente 40%
B1: LIMPEZA - Regime de Tributação: LUCRO REAL
B2: ANEXO II ---- do Pregão nº XX/2024 PLANILHA DE CUSTOS E FORMAÇÃO DE PREÇOS
B3: Nº do processo: | I3: XXXXXXXXXXXXX
B4: Licitação nº: | I4: XXXXXXXXXXXXX
B5: Dia: | I5: XXXXXXXXXXXXX
B6: DISCRIMINAÇÃO DOS SERVIÇOS (DADOS REFERENTES À CONTRATAÇÃO)
B7: A | C7: Data de apresentação da proposta (dia/mês/ano) | I7: XXXXXXXXXXXXX
B8: B | C8: Município/UF | I8: Santana do Livramento/RS
B9: C | C9: Ano do Acordo, Convenção ou Dissídio Coletivo | I9: RS004917/2023 SIND. DAS EMPR. DE ASSEIO E CONSERVAÇÃOO DO EST . DO RGS,
B10: D | C10: Número de meses de execução contratual | I10: 60
B11: IDENTIFICAÇÃO DO SERVIÇO
B12: Tipo de Serviço: Limpeza e Conservação Predial para o Câmpus Santana do Livramento IFSUL (Insalubridade 40%) | H12: Unidade de Medida | J12: Quantidade total a contratar (Em função da unidade de medida)
B13: a) Áreas internas - Pisos acarpetados | H13: m2 | J13: 0
B14: b) Áreas internas - Pisos frios | H14: m2 | J14: 0
B15: c) Áreas internas - Laboratórios | H15: m2 | J15: 0
B16: d) Áreas internas - Almoxarifados/galpões | H16: m2 | J16: 0
B17: e) Áreas internas - Oficinas | H17: m2 | J17: 0
B18: f) Áreas internas - Áreas com espaços livres - saguão, hall e salão | H18: m2 | J18: 0
B19: g) Banheiros | H19: m2 | J19: 558.8
B20: TOTAL DA ÁREA INTERNA | J20: =ROUND(J13+J14+J15+J16+J17+J18+J19,2) -> 558.8
B22: a) Áreas externas - Pisos pavimentados adjacentes/contíguos às edificações | I22: m2 | K22: 0
B23: b) Áreas externas - Varrição de passeios e arruamentos | I23: m2 | K23: 0
B24: c) Áreas externas - Pátios com áreas verdes com alta frequência | I24: m2 | K24: 0
B25: d) Áreas externas - Pátios com áreas verdes com média frequência | I25: m2 | K25: 0
B26: e) Áreas externas - Pátios com áreas verdes com baixa frequência | I26: m2 | K26: 0
B27: f) Áreas externas - Coleta de detritos em pátios e áreas verdes com frequência diária | I27: m2 | K27: 0
B28: TOTAL DA ÁREA EXTERNA | K28: =ROUND(K22+K23+K24+K25+K26+K27,2) -> 0
B30: a) Esquadrias externas - Face externa com exposição a situação de risco | I30: m2 | K30: 0
B31: b) Esquadrias externas - Face externa sem exposição a situação de risco | I31: m2 | K31: 0
B32: c) Esquadrias - Face interna | I32: m2 | K32: 0
B33: TOTAL DA ÁREA DA ESQUADRIA EXTERNA - FACE INTERNA/EXTERNA | K33: =ROUND(K30+K31+K32,2) -> 0
B35: a) Fachada envidraçada | I35: m2 | K35: 0
B36: TOTAL DA ÁREA DA FACHADA ENVIDRAÇADA | K36: =K35 -> 0
B38: a) Áreas hospitalares e assemelhadas | I38: m2 | K38: 0
B39: TOTAL DAS ÁREAS HOSPITALARES | K39: 0
B41: a) Outras áreas (especificar) | I41: m2 | K41: 0
B42: TOTAL DAS OUTRAS ÁREAS (ESPECIFICAR) | K42: 0
B44: TOTAL GERAL | K44: =ROUND(J20+K28+K33+K36+K39,2) -> 558.8
B46: 1. MÓDULOS Mão de obra Mão de obra vinculada à execução contratual
B48: Dados para composição dos custos referente à mão de obra
B49: 1 | C49: Tipo de Serviço (mesmo serviço com características distintas) | I49: Limpeza e conservação
B50: 2 | C50: Classificação Brasileira de Ocupações (CBO) | I50: 5143
B51: 3 | C51: Salário Normativo da Categoria Profissional - para a jornada de 44 h/sem | I51: 1540.51
B52: 4 | C52: Categoria Profissional (vinculada à execução contratual) | I52: Servente de limpeza
B53: 5 | C53: Data-Base da Categoria (dia/mês/ano) | I53: 1º de Fevereiro de 2024
B55: Módulo 1: Composição da Remuneração
B56: 1 | C56: Composição da Remuneração | I56: Percentual (R$) | K56: Valor (R$)
B57: A | C57: Salário-Base (valor para somente 1 servente de limpeza) | K57: =I51 -> 1540.51
B58: B | C58: Adicional de Insalubridade (40% do SB - cláusula 17, “C” da CCT/2024 | J58: 0.4 | K58: =ROUND(J58*K57,2) -> 616.2
B59: Total | K59: =SUM(K57:K58) -> 2156.71
B61: Módulo 2 – Encargos e Benefícios Anuais, Mensais e Diários
B62: Submódulo 2.1 – 13º (décimo terceiro) Salário e Adicional de Férias
B63: 2.1 | C63: 13º (décimo terceiro) Salário e Adicional de Férias | K63: Valor (R$)
B64: A | C64: 13º (décimo terceiro) Salário Obrigatória a cotação de 8,33% sobre o valor do Módulo 1 – Composição da Remuneração, conforme Anexo XII da IN 5/17 | J64: 0.0833 | K64: =$K$59*J64 -> 179.65394
B65: B | C65: (Férias e) Adicional de Férias Obrigatória a cotação de 3,025% sobre o valor do Módulo 1 – Composição da Remuneração, conforme Anexo XII da IN 5/17 (Férias + Adicional = 9,075% + 3,025% = 12,10%) | J65: 0.03025 | K65: =$K$59*J65 -> 65.240477
B66: Total | K66: =SUM(K64+K65) -> 244.89442
B67: C | C67: Incidência dos encargos do Submódulo 2.2 sobre o total do Submódulo 2.1 | K67: =J80*K66 -> 90.121147
B68: Total | K68: =K66+K67 -> 335.01557
B70: Submódulo 2.2 - Encargos Previdenciários (GPS), Fundo de Garantia por Tempo de Serviço (FGTS) e outras contribuições
B71: 2.2 | C71: GPS, FGTS e outras contribuições | J71: Percentual (%) | K71: Valor (R$)
B72: A | C72: INSS | J72: 0.2 | K72: =$K$59*J72 -> 431.342
B73: B | C73: Salário Educação | J73: 0.025 | K73: =$K$59*J73 -> 53.91775
B74: C | C74: RAT x FAP | F74: RAT = | G74: ='Servente 20%'!G74 -> 0.03 | H74: FAP = | I74: 1 | J74: =ROUND((G74*I74),6) -> 0.03 | K74: =$K$59*J74 -> 64.7013
B75: D | C75: SESC ou SESI | J75: 0.015 | K75: =$K$59*J75 -> 32.35065
B76: E | C76: SENAC ou SENAI | J76: 0.01 | K76: =$K$59*J76 -> 21.5671
B77: F | C77: SEBRAE | J77: 0.006 | K77: =$K$59*J77 -> 12.94026
B78: G | C78: INCRA | J78: 0.002 | K78: =$K$59*J78 -> 4.31342
B79: H | C79: FGTS | J79: 0.08 | K79: =$K$59*J79 -> 172.5368
B80: Total | J80: =SUM(J72:J79) -> 0.368 | K80: =SUM(K72:K79) -> 793.66928
B82: Submódulo 2.3 – Benefícios Mensais e Diários
B83: 2.3 | C83: Benefícios Mensais e Diários | K83: Valor (R$)
B84: A | C84: Transporte Cálculo do valor: [(2xVTx22) – (6%xSB)] | K84: =IF(ROUND((J87*J85*J86)-(K57*0.06),2)<0,0,ROUND((J87*J85*J86)-(K57*0.06),2))*1+(J85*J86*21.726-0.06*K57)*0 -> 94.57
C85: A.1) Valor da passagem do transporte coletivo no município de prestação dos serviços: - Decreto Municipal 10.842 de Dezemrbo de 2023 | J85: 4.25 | K85: -
C86: A.2) Quantidade de passagens por dia por empregado: | J86: 2
C87: A.3) Quantidade de dias do mês de recebimento de passagens | J87: 22
B88: B | C88: Auxílio-Refeição/Alimentação Cálculo do valor = [(22xVA)x(1-0,19)] | K88: =ROUND(J90*J89*(1-0.19),2)*1+ROUND(21.726*6*(1-0.19),2)*0 -> 421.98
C89: B.1) Valor do auxílio-alimentação (clausula 18 da CCT 2024): | J89: 23.68 | K89: -
C90: B.2) Quantidade de dias do mês de recebimento de auxílio-alimentação | J90: 22
B91: C | C91: Contribuição Atividade Sindical Patronal (Cláusula 71 da CCT 2023) | K91: 19.42
B92: D | C92: Outros (especificar)
B93: Total | K93: =SUM(K84:K92) -> 535.97
B95: Quadro-Resumo do Módulo 2 – Encargos e Benefícios Anuais, Mensais e Diários
B96: 2 | C96: Encargos e Benefícios Anuais, Mensais e Diários | K96: Valor (R$)
B97: 2.1 | D97: 13º (décimo terceiro) Salário e Adicional de Férias | K97: =K68 -> 335.01557
B98: 2.2 | D98: GPS, FGTS e outras contribuições | K98: =K80 -> 793.66928
B99: 2.3 | D99: Benefícios Mensais e Diários | K99: =K93 -> 535.97
B100: Total | K100: =SUM(K97+K98+K99) -> 1664.6548
B102: Módulo 3 - Provisão para Rescisão
B103: 3 | C103: Provisão para Rescisão | K103: Valor (R$)
B104: A | C104: Aviso Prévio Indenizado Cálculo do valor = {Rem/60 + 13º/60 + Férias/60+ (1/3xFérias)/60} x (45/30=1,5) x 5% de rotatividade anual - Os reflexos de 13º, F e 1/3F são referentes a 1 mês de APInd – Considerando a vigência do contrato, foi considerado 45 dias de aviso prévio indenizado conforme Lei nº 12.506/2011. Na prorrogação, tal item deverá ser revisto, dependendo da análise do nº de ocorrências deste evento no período | K104: =(($K$59/I10)+($K$64/I10)+($K$59/12/I10)+($K$65/I10))*(45/30)*0.05 -> 3.2266628
B105: B | C105: Incidência do FGTS sobre o Aviso Prévio Indenizado | K105: =$K$104*J79 -> 0.25813303
B106: D | C106: Aviso Prévio Trabalhado (negociar extinção/redução na 1ª prorrogação) Cálculo do valor= [(Rem/30)x7]/60 meses do contratox90% dos empregados - ao final do contrato | K106: =((($K$59/30)*7)/$I$10)*0.9 -> 7.548485
B107: E | C107: Incidência dos encargos do Submódulo 2.2 sobre o Aviso Prévio Trabalhado | K107: =$J$80*K106 -> 2.7778425
B108: F | C108: Multa do FGTS sobre o Aviso Prévio Trabalhado e sobre o Aviso Prévio IndenizadoObrigatória a cotação de 4% sobre o valor do Módulo 1 – Composição da Remuneração, conforme Anexo XII da IN Seges nº 5/2017 | J108: 0.04 | K108: =$K$59*J108 -> 86.2684
B109: Total | K109: =SUM(K104:K108) -> 100.07952
B111: Módulo 4 - Custo de Reposição do Profissional Ausente
B112: Base de cálculo para o Custo de Reposição do Profissional Ausente (substituto): BCCPA = Rem + 13º + Férias + 1/3Férias | K112: =K115+K59+K64+K65 -> 2597.3259
B114: 4.1 | C114: Ausências Legais | K114: Valor (R$)
B115: A | C115: Férias | J115: 0.09075 | K115: =($K$59*J115) -> 195.72143
B116: B | C116: Ausências Legais Cálculo do valor = [(BCCPA/30)x2,96dias]/60 | K116: =(($K$112/30)*2.96)/I10 -> 4.2711581
...

Sheet INSUMOS
B1: LIMPEZA - Regime de Tributação: LUCRO REAL
B2: ANEXO II ---- do Pregão nº XX/2024 PLANILHA DE CUSTOS E FORMAÇÃO DE PREÇOS
B3: Nº do processo: | G3: XXXXXXXXXXX
B4: Licitação nº: | G4: XXXXXXXXXXX
B5: Dia: | G5: XXXXXXXXXXX
B7: Materiais de Limpeza e Utensílios | C7: Unidade | D7: Quantidade Mensal | E7: Total Anual | F7: Valor Unitário | G7: Custo Anual
B8: Hipoclorito de sódio, mínimo de 2,0 à 2,5% p/p de cloro ativo (água sanitária), embalagem de 5 litros | C8: galão | D8: 8 | E8: =(D8*12) -> 96 | F8: =((10.28+14.25+13.82)/3) -> 12.783333 | G8: =F8*E8 -> 1227.2
B9: Álcool 70 °INPM (70% p/p) ou 77 °GL (77% v/v), embalagem de 5 litros | C9: galão | D9: 4 | E9: =(D9*12) -> 48 | F9: =((33.71+32.92+36.9)/3) -> 34.51 | G9: =F9*E9 -> 1656.48
B10: Álcool em gel 70% INPM ou 77º GL (77% v/v), embalagem de 5 litros | C10: galão | D10: 4 | E10: =(D10*12) -> 48 | F10: =((36.9+38.08+35.76)/3) -> 36.913333 | G10: =F10*E10 -> 1771.84
B11: Detergente neutro, de boa qualidade, embalagem de 5 litros | C11: galão | D11: 4 | E11: =(D11*12) -> 48 | F11: =((15.9+18.07+17.96)/3) -> 17.31 | G11: =F11*E11 -> 830.88
B12: Desinfetante de uso geral, aromatizado, embalagem de 5 litros | C12: galão | D12: 6 | E12: =(D12*12) -> 72 | F12: =((11.9+11.19+12.69)/3) -> 11.926667 | G12: =F12*E12 -> 858.72
B13: Desodorizador de ar de 360 ml (tipo aerosol) | C13: unidade | D13: 2 | E13: =(D13*12) -> 24 | F13: =((13.3+12.28+13.9)/3) -> 13.16 | G13: =F13*E13 -> 315.84
B14: Limpa vidros, embalagem de 5 litros | C14: galão | D14: 2 | E14: =(D14*12) -> 24 | F14: =((16.36+19.5+18.99)/3) -> 18.283333 | G14: =F14*E14 -> 438.8
B15: Lustra móveis, 500 ml | C15: unidade | D15: 3 | E15: =(D15*12) -> 36 | F15: =((7.69+9.9+7.1)/3) -> 8.23 | G15: =F15*E15 -> 296.28
B16: Sabão em barra de 200g, glicerinado, embalagem com 5 unidades | C16: Pacote c/5 unidades | D16: 2 | E16: =(D16*12) -> 24 | F16: =((10+13.65+12.9)/3) -> 12.183333 | G16: =F16*E16 -> 292.4
B17: Saponáceo cremoso, frasco de 300 ml | C17: unidade | D17: 12 | E17: =(D17*12) -> 144 | F17: =((4.99+5.1+5.19)/3) -> 5.0933333 | G17: =F17*E17 -> 733.44
B18: Solvente para banheiro químico, bactericida e desodorizante (líquido para caixa de detritos e banheiro químico), embalagem de 1 litro, preferencialmente com dosador | C18: unidades | D18: 1 | E18: =(D18*12) -> 12 | F18: =((45+53.88+46.8)/3) -> 48.56 | G18: =F18*E18 -> 582.72
B19: Desincrustante ácido, tira mancha, embalagem de 5 litros (limpador para vaso sanitário, mictórios, piso encardido e pós obra) | C19: galão | D19: 1 | E19: =(D19*12) -> 12 | F19: =((77.5+59+70)/3) -> 68.833333 | G19: =F19*E19 -> 826
B20: Pedra sanitária, sachê de 25 g | C20: unidade | D20: 48 | E20: =(D20*12) -> 576 | F20: =((1.4+1.57+1.59)/3) -> 1.52 | G20: =F20*E20 -> 875.52
B21: Saco de lixo 100L, pacote 100 unidades, vermelho | C21: pacote | D21: 1 | E21: =(D21*12) -> 12 | F21: =((54+43.28+44.91)/3) -> 47.396667 | G21: =F21*E21 -> 568.76
B22: Saco de lixo 100L, pacote 100 unidades, azul | C22: pacote | D22: 1 | E22: =(D22*12) -> 12 | F22: =((28.58+23+32.99)/3) -> 28.19 | G22: =F22*E22 -> 338.28
B23: Saco de lixo 100L, pacote 100 unidades, amarelo | C23: pacote | D23: 1 | E23: =(D23*12) -> 12 | F23: =((28.22+30.05+35.4)/3) -> 31.223333 | G23: =F23*E23 -> 374.68
B24: Saco de lixo 100L, pacote 100 unidades, verde | C24: pacote | D24: 1 | E24: =(D24*12) -> 12 | F24: =((30.05+38.39+39.9)/3) -> 36.113333 | G24: =F24*E24 -> 433.36
B25: Saco de lixo 100L, pacote 100 unidades, preto | C25: pacote | D25: 3 | E25: =(D25*12) -> 36 | F25: =((26.63+23.1+29.9)/3) -> 26.543333 | G25: =F25*E25 -> 955.56
B26: Saco de lixo 60L, pacote 100 unidades, preto | C26: pacote | D26: 1 | E26: =(D26*12) -> 12 | F26: =((27.9+23.87+19.9)/3) -> 23.89 | G26: =F26*E26 -> 286.68
B27: Saco de lixo 40L, pacote 100 unidades, preto | C27: pacote | D27: 3 | E27: =(D27*12) -> 36 | F27: =(14.9+17.6+16.2)/3 -> 16.233333 | G27: =F27*E27 -> 584.4
B28: Papel higiênico branco, folha dupla, rolo de 30m x 10 cm, fardo com 64 unidades, padrão de qualidade, mínima,QUALITÉ | C28: fardo | D28: 10 | E28: =(D28*12) -> 120 | F28: =((87.9+86.28+76.67)/3) -> 83.616667 | G28: =F28*E28 -> 10034
B29: Papel toalha branco 100% celulose interfolhado, com 1000 folhas de 20cm x 21cm | C29: pacote | D29: =(6*22) -> 132 | E29: =(D29*12) -> 1584 | F29: =((12.99+12+13.55)/3) -> 12.846667 | G29: =F29*E29 -> 20349.12
B30: Sabonete líquido para mãos, cremoso, concentrado, embalagem de 5 litros | C30: galão | D30: 4 | E30: =(D30*12) -> 48 | F30: =((20.72+18.75+18.9)/3) -> 19.456667 | G30: =F30*E30 -> 933.92
B31: Esponja dupla face, verde a amarela, pacote com 10 unidades | C31: pacote c/ 10 unidades | D31: 1 | E31: =(D31*12) -> 12 | F31: =((7.8+9.75+8.85)/3) -> 8.8 | G31: =F31*E31 -> 105.6
B32: Prendedor de roupas, pacote com 12 unidades | C32: pacote | D32: 1 | E32: =(D32*12) -> 12 | F32: =((3+3.75+3.71)/3) -> 3.4866667 | G32: =F32*E32 -> 41.84
B33: Pano de chão, 100% algodão, medidas aproximadas: 50 cm x 70 cm | C33: unidade | D33: 6 | E33: =(D33*12) -> 72 | F33: =((4.3+4.25+4.45)/3) -> 4.3333333 | G33: =F33*E33 -> 312
B34: Flanela para limpeza, algodão, medidas aproximadas: 28x28 cm, pacote com 12 unidades | C34: pacote | D34: 1 | E34: =(D34*12) -> 12 | F34: =((21.78+19.4+21.2)/3) -> 20.793333 | G34: =F34*E34 -> 249.52
B35: Esponja de lã de aço (pacote com 8 unidades) | C35: unidade | D35: 1 | E35: =(D35*12) -> 12 | F35: =((2.4+2.35+3.72)/3) -> 2.8233333 | G35: =F35*E35 -> 33.88
B36: Luvas de látex para limpeza pesada, cano longo, COR AZUL (limpeza dos banheiros) (tamanhos de acordo com os colaboradores) | C36: par | D36: =2*2 -> 4 | E36: =(D36*12) -> 48 | F36: =((3.79+3.49+4.04)/3) -> 3.7733333 | G36: =F36*E36 -> 181.12
B37: Luvas de látex para limpeza pesada, COR AMARELA (limpeza em geral) (tamanhos de acordo com os colaboradores) | C37: par | D37: =2*7 -> 14 | E37: =(D37*12) -> 168 | F37: =((3.9+3.78+3.1)/3) -> 3.5933333 | G37: =F37*E37 -> 603.68
B38: Refil para MOP esfregão, algodão, mínimo 340g, compatível com o cabo.correspondente ao kit de limpeza (preferencialmente com rosca) (*) | C38: Unidade | D38: 6 | E38: =(D38*12) -> 72 | F38: =((18.9+18.03+20.02)/3) -> 18.983333 | G38: =F38*E38 -> 1366.8
B39: Refil para MOP pó 60cm (vassourão), compatível com o equipamento fornecido.(*) | C39: Unidade | D39: 2 | E39: =(D39*12) -> 24 | F39: =((42.97+45+40.44)/3) -> 42.803333 | G39: =F39*E39 -> 1027.28
B40: Balde plástico, com alça, 18 litros (*) | C40: unidade | D40: 6 | E40: =(D40*12) -> 72 | F40: =((17.4+15.9+16.9)/3) -> 16.733333 | G40: =F40*E40 -> 1204.8
B41: Desentupidor de pia, padrão Bettanin. (*) | C41: unidade | D41: 2 | E41: =(D41*12) -> 24 | F41: =((16.9+18.26+19.9)/3) -> 18.353333 | G41: =F41*E41 -> 440.48
B42: Desentupidor de vaso sanitário com cabo, 60 cm (*) | C42: unidade | D42: 2 | E42: =(D42*12) -> 24 | F42: =((9.49+10.2+8)/3) -> 9.23 | G42: =F42*E42 -> 221.52
B43: Escova nylon manual, cerdas duras, ovalada, medidas aproximadas: 12cm X 7cm X 4cm (*) | C43: unidade | D43: 2 | E43: =(D43*12) -> 24 | F43: =((3.17+3.6+3.79)/3) -> 3.52 | G43: =F43*E43 -> 84.48
B44: Escova para vaso sanitário, resistente e durável, cerdas crespas, formato circular para uma limpeza mais profunda, dimensões aproximadas: 37,5cm x 14cm x 12,5cm (C-L-A) (*) | C44: unidade | D44: 2 | E44: =(D44*12) -> 24 | F44: =((4.85+3.9+5.36)/3) -> 4.7033333 | G44: =F44*E44 -> 112.88
B45: Extensão elétrica, certificada, cabo Pp 2x2,5mm, 20 a, 30 metros (*) | C45: unidade | D45: 1 | E45: =(D45*12) -> 12 | F45: =((285.98+261.99+232.9)/3) -> 260.29 | G45: =F45*E45 -> 3123.48
B46: Varal de chão portátil, com abas (*) | C46: unidade | D46: 1 | E46: =(D46*12) -> 12 | F46: =((79.9+75.99+61.9)/3) -> 72.596667 | G46: =F46*E46 -> 871.16
B47: Pá de Lixo, plástica, cabo longo, no mínimo 80 cm (*) | C47: unidade | D47: 6 | E47: =(D47*12) -> 72 | F47: =((7.99+8.9+7.8)/3) -> 8.23 | G47: =F47*E47 -> 592.56
B48: Pano de limpeza multiuso, com agente bactericida, 35 g, 27 cm, bobina com 300 m (tipo perflex nobre) (*) | C48: unidade | D48: 1 | E48: =(D48*12) -> 12 | F48: =((84.22+89.9+72.71)/3) -> 82.276667 | G48: =F48*E48 -> 987.32
B49: Vassoura de nylon, 30 cm, c/ cabo longo (120 cm), padrão de qualidade BETTANIN/CONDOR (*) | C49: unidade | D49: 6 | E49: =(D49*12) -> 72 | F49: =((13.8+14.16+14.76)/3) -> 14.24 | G49: =F49*E49 -> 1025.28
B50: Borrifador de líquidos, com bico borrifador, cap.: 500 ml (*) | C50: unidade | D50: 6 | E50: =(D50*12) -> 72 | F50: =((4.15+5.9+5.78)/3) -> 5.2766667 | G50: =F50*E50 -> 379.92
B51: Discos para enceradeira/lavadora de pisos, de acordo com o equipamento fornecido na cor preta, 300mm (*) | C51: unidade | D51: 1 | E51: =(D51*12) -> 12 | F51: =((19.53+14.06+17.77)/3) -> 17.12 | G51: =F51*E51 -> 205.44
B52: Discos para enceradeira/lavadora de pisos, de acordo com o equipamento fornecido na cor vermelha, 300mm (*) | C52: unidade | D52: 1 | E52: =(D52*12) -> 12 | F52: =((19.48+20.79+17.24)/3) -> 19.17 | G52: =F52*E52 -> 230.04
B53: Discos para enceradeira/lavadora de pisos, de acordo com o equipamento fornecido na cor verde, 300mm (*) | C53: unidade | D53: 1 | E53: =(D53*12) -> 12 | F53: =((17.24+19.41+17.91)/3) -> 18.186667 | G53: =F53*E53 -> 218.24
B54: Saco para aspirador de pó LAVOR, VAC 22, kit com 03 unidades. (Marca especificada, equipamento próprio da unidade administrativa) (*) | C54: Unidade | D54: 1 | E54: =(D54*12) -> 12 | F54: =((26.9+24.99+25.49)/3) -> 25.793333 | G54: =F54*E54 -> 309.52
B55: Mascara respiratória descartável com filtro mecânico (máscara PFF, com válvula) (*) | C55: unidade | D55: 6 | E55: =(D55*12) -> 72 | F55: =((1.52+1.95+1.45)/3) -> 1.64 | G55: =F55*E55 -> 118.08
B56: Óculos de proteção lente incolor (*) | C56: unidade | D56: 6 | E56: =(D56*12) -> 72 | F56: =((4.3+3.64+2.58)/3) -> 3.5066667 | G56: =F56*E56 -> 252.48
B57: Rodo 60cm, borracha dupla, com cabo (*) | C57: unidade | D57: 6 | E57: =(D57*12) -> 72 | F57: =((35.9+38.19+42.99)/3) -> 39.026667 | G57: =F57*E57 -> 2809.92
B58: Rodo limpa vidros, combinado, 45 cm, padrão de qualidade BRALIMPIA (*) | C58: unidade | D58: 6 | E58: =(D58*12) -> 72 | F58: =((87.2+78.3+94.86)/3) -> 86.786667 | G58: =F58*E58 -> 6248.64
B59: Crachá em PVC, frente, com cordão, foto e dados (*) | C59: unidade | D59: 6 | E59: =(D59*12) -> 72 | F59: =((24+15+15)/3) -> 18 | G59: =F59*E59 -> 1296
B60: CUSTO ANUAL DOS EQUIPAMENTOS | G60: =SUM(G8:G59) -> 70218.84
B61: CUSTO MENSAL DOS EQUIPAMENTOS | G61: =G60/12 -> 5851.57
B62: Legenda: (*) Observar Item 7.2.2 do ETP
B64: EQUIPAMENTOS | C64: Unidade | D64: Quantidade a disponibilizar | E64: Depreciação (em meses) | F64: Quantidade Anual | G64: Valor Unitário | H64: Custo Anual
B65: Lavador a jato de alta pressão, mínimo de 1500 psi, 220v | C65: unidade | D65: 1 | E65: 60 | F65: =(12/60)*D65 -> 0.2 | G65: =((359.9+349+399)/3) -> 369.3 | H65: =F65*G65 -> 73.86
B66: Mangueira de jardim, PVC, reforçada, 50 metros, com esguicho e conector para torneira. | C66: unidade | D66: 1 | E66: 60 | F66: =(12/60)*D66 -> 0.2 | G66: =((78.99+69.9+74.1)/3) -> 74.33 | H66: =F66*G66 -> 14.866
B67: Carro Estação de limpeza multifuncional com bolsa de vinil, padrão de qualidade BRALIMPIA | C67: unidade | D67: 2 | E67: 60 | F67: =(12/60)*D67 -> 0.4 | G67: =((539.1+651.51+679.58)/3) -> 623.39667 | H67: =F67*G67 -> 249.35867
B68: Kit limpeza, balde com sistema de espremedor com pressão superior, capacidade para 24 litros, com placa sinalizadora de piso molhado e esfregão (mop preferencialmente com “rosca”). Com rodízios projetados para fácil manutenção e higienização, padrão de qualidade BRALIMPIA | C68: Kit | D68: 6 | E68: 60 | F68: =(12/60)*D68 -> 1.2 | G68: =((429.9+489+494.98)/3) -> 471.29333 | H68: =F68*G68 -> 565.552
B69: Enceradeira industrial (lava piso), com diâmetro mínimo de 500cm, 220 v ou bivolt, certificada pelo INMETRO, cabo elétrico mínimo de 12m, com escova e suporte para discos. | C69: unidade | D69: 1 | E69: 60 | F69: =(12/60)*D69 -> 0.2 | G69: =((3196.67+3895+3699)/3) -> 3596.89 | H69: =F69*G69 -> 719.378
B70: Conjunto completo Mop pó plus (vassourão), 60cm, padrão de qualidade BRALIMPIA | C70: unidade | D70: 2 | E70: 60 | F70: =(12/60)*D70 -> 0.4 | G70: =((114.95+99+80.9)/3) -> 98.283333 | H70: =F70*G70 -> 39.313333
B71: Cabo Extensor de Alumínio Telescópico 7,5 m, 3 estágios, ajustável, padrão de qualidade BRALIMPIA | C71: unidade | D71: 2 | E71: 60 | F71: =(12/60)*D71 -> 0.4 | G71: =((250.83+247+244.35)/3) -> 247.39333 | H71: =F71*G71 -> 98.957333
B72: Escada de alumínio de 6 degraus, dobrável, padrão de qualidade MOR | C72: unidade | D72: 1 | E72: 60 | F72: =(12/60)*D72 -> 0.2 | G72: =((149.9+164.01+192.5)/3) -> 168.80333 | H72: =F72*G72 -> 33.760667
B73: Escada de alumínio de 8 degraus, dobrável, padrão de qualidade MOR | C73: unidade | D73: 1 | E73: 60 | F73: =(12/60)*D73 -> 0.2 | G73: =((219.9+254.9+266)/3) -> 246.93333 | H73: =F73*G73 -> 49.386667
B74: Relógio biométrico eletrônico completo (biometria, controle de acesso e sofware) | C74: Unidade | D74: 1 | E74: 60 | F74: =(12/60)*D74 -> 0.2 | G74: =((550+742.5+650)/3) -> 647.5 | H74: =F74*G74 -> 129.5
B75: CUSTO ANUAL DOS EQUIPAMENTOS | H75: =SUM(H65:H74) -> 1973.9327
B76: CUSTO MENSAL DOS EQUIPAMENTOS | H76: =H75/12 -> 164.49439
B78: UNIFORMES | C78: Unidade | D78: Quantidade Anual | E78: Valor Unitário | F78: Custo Anual
B79: Calça profissional, com 02 traseiros, em tecido oxford | C79: unidade | D79: 2 | E79: =((49.9+53+52.9)/3) -> 51.933333 | F79: =D79*E79 -> 103.86667
B80: Jaleco em oxford, manga curta, com botões, bolso frontal com o logotipo da empresa bordado ou impresso. | C80: unidade | D80: 2 | E80: =((43.9+43.23+47.9)/3) -> 45.01 | F80: =D80*E80 -> 90.02
B81: Camiseta em algodão, manga curta, gola careca, com o logotipo da empresa bordado ou impresso. | C81: unidade | D81: 2 | E81: =((27+21.9+27.9)/3) -> 25.6 | F81: =D81*E81 -> 51.2
B82: Camiseta em algodão, manga Longa, gola careca, com o logotipo da empresa bordado ou impresso. | C82: unidade | D82: 2 | E82: =((25.5+32+21.9)/3) -> 26.466667 | F82: =D82*E82 -> 52.933333
B83: Casaco/jaqueta,em nylon forrada, com zíper na frente, bolsos laterais, e o logotipo da empresa bordado ou impresso. | C83: unidade | D83: 1 | E83: =((140+129.9+113.37)/3) -> 127.75667 | F83: =D83*E83 -> 127.75667
B84: Bota profissional, modelo ½ cano, em couro preto, solado em poliuretano (antiderrapante) | C84: Par | D84: 2 | E84: =((66.21+65+58.44)/3) -> 63.216667 | F84: =D84*E84 -> 126.43333
B85: Bota PVC, impermeável, preta, cano médio | C85: Par | D85: 1 | E85: =((32.7+38.19+36.42)/3) -> 35.77 | F85: =D85*E85 -> 35.77
B86: CUSTO ANUAL DOS UNIFORMES PARA 1 SERVENTE | F86: =SUM(F79:F85) -> 587.98
B87: CUSTO MENSAL DOS UNIFORMES PARA 1 SERVENTE | F87: =F86/12 -> 48.998333
B90: Resumo do Módulo 5 – Insumos Diversos – Servente
B91: QUADRO RESUMO | C91: CUSTO ANUAL | E91: CUSTO MENSAL | G91: Custo Mensal por SERVENTE
B93: Materiais de Limpeza e Utensílios | C93: =G60 -> 70218.84 | E93: =C93/12 -> 5851.57 | G93: =E93/I101 -> 975.26167
B95: EQUIPAMENTOS | C95: =H75 -> 1973.9327 | E95: =C95/12 -> 164.49439 | G95: =E95/I101 -> 27.415731
B97: UNIFORMES | C97: =F86 -> 587.98 | E97: =C97/12 -> 48.998333 | G97: =E97 -> 48.998333
B99: TOTAIS | C99: =C93+C95+C97 -> 72780.753 | E99: =C99/12 -> 6065.0627 | G99: =G93+G95+G97 -> 1051.6757
B101: Quantidade da mão de obra alocada na prestação dos serviços | I101: 6
B102: OBS.: Pesquisa de preços realizada em site de lojas especializadas
